 Dungeon Crawl Stone Soup version 0.22-a0-379-ga9d99d6 (webtiles) character file.

142389 iamserjio the Arsonist (level 16, -4/132 HPs)
             Began as a Demonspawn Fire Elementalist on Apr 27, 2018.
             Was a High Priest of Vehumet.
             Killed from afar by a fire giant (7 damage)
             ... with a bolt of fire
             ... on level 3 of the Depths on Apr 28, 2018.
             The game lasted 04:02:30 (42529 turns).

iamserjio the Arsonist (DsFE)                      Turns: 42529, Time: 04:02:30

Health: -4/132     AC: 13    Str: 10    XL:     16   Next: 80%
Magic:  42/43      EV: 19    Int: 22    God:    Vehumet [*****.]
Gold:   652        SH:  5    Dex: 18    Spells: 1/44 levels left

rFire    + + +     SeeInvis .   D - +6 flail of Exuamag {flame, rElec Dex+4}
rCold    . . .     Gourm    .   t - +0 buckler {reflect}
rNeg     . . .     Faith    +   i - +2 robe {rC+ rF+}
rPois    .         Spirit   .   (helmet restricted)
rElec    +         Reflect  +   n - +2 cloak {MR+}
rCorr    .         Harm     .   (no gloves)
MR       ++...                  M - +2 pair of boots
Stlth    ++........             K - amulet of faith
HPRegen  0.32/turn              q - ring of fire
MPRegen  0.28/turn              x - ring of magical power

@: no status effects
A: antennae 1, rugged brown scales 3, fire resistance 1, powered by death 3,
flame cloud immunity
a: Renounce Religion


You were on level 3 of the Depths.
You worshipped Vehumet.
Vehumet was extremely pleased with you.
You were not hungry.

You visited 3 branches of the dungeon, and saw 19 of its levels.

You collected 1267 gold pieces.
You spent 615 gold pieces at shops.

Inventory:

Hand Weapons
 D - the +6 flail of Exuamag (weapon) {flame, rElec Dex+4}
   (You found it on level 7 of the Dungeon)

   It has been specially enchanted to burn those struck by it, causing extra
   injury to most foes and up to half again as much damage against particularly
   susceptible opponents.
   It affects your dexterity (+4).
   It insulates you from electricity.
Armour
 i - a +2 robe of resistance (worn)
 k - a +2 pair of gloves
 n - a +2 cloak of magic resistance (worn)
 r - a +2 robe of positive energy
 t - a +0 buckler of reflection (worn)
 u - the +2 pair of gloves "Surecrurr" {rPois rC- Str-3 Slay+4}
   (You found it on level 10 of the Dungeon)

   It affects your strength (-3).
   It affects your accuracy and damage with ranged weapons and melee attacks
   (+4).
   It makes you vulnerable to cold.
   It protects you from poison.
 v - a scarf of cloud immunity
 B - a +0 leather armour of magic resistance
 G - a +2 shield
 J - a +1 scale mail of poison resistance
 M - a +2 pair of boots (worn)
Magical Staves
 N - an uncursed staff of earth
Jewellery
 q - a ring of fire (left hand)
 w - the ring "Hanenerchott" {rCorr SInv}
   (You took it off a centaur warrior on level 14 of the Dungeon)

   [ring of resist corrosion]

   It lets you see invisible.
 x - a ring of magical power (right hand)
 y - an uncursed ring of ice
 C - an uncursed amulet of the gourmand
 K - an amulet of faith (around neck)
 V - an uncursed ring of protection from magic
Scrolls
 b - 5 scrolls of amnesia
 d - 2 scrolls of holy word
 e - 11 scrolls of remove curse
 o - 6 scrolls of magic mapping
 A - a scroll of enchant weapon
 H - a scroll of vulnerability
 R - 2 scrolls of immolation
Potions
 a - a potion of cancellation
 j - 8 potions of lignification
 p - a potion of berserk rage {unknown}
 z - a potion of ambrosia {unknown}
 E - a potion of mutation {unknown}
 F - a potion of might
 P - a potion of brilliance
Comestibles
 c - 6 rations
 f - 6 chunks of flesh


   Skills:
 + Level 10.9 Fighting
 + Level 8.6 Dodging
 - Level 1.7 Stealth
 - Level 4.0 Shields
 + Level 14.6 Spellcasting
 + Level 14.4 Conjurations
 * Level 14.8 Fire Magic


You had one spell level left.
You knew the following spells:

 Your Spells              Type           Power        Failure   Level  Hunger
a - Flame Tongue          Conj/Fire      #####        0%          1    None
b - Conjure Flame         Conj/Fire      #######.     1%          3    None
c - Sticky Flame          Conj/Fire      #######.     1%          4    None
d - Fireball              Conj/Fire      #######...   1%          5    ###....
e - Poison Arrow          Conj/Pois      #####.....   9%          6    #####..
f - Dazzling Spray        Conj/Hex       #####.       1%          3    None
g - Force Lance           Conj/Tloc      #####...     1%          4    None
h - Summon Butterflies    Summ           ###.....     3%          1    None
i - Bolt of Magma         Conj/Fire/Erth ######....   1%          5    ###....
j - Venom Bolt            Conj/Pois      #####.....   1%          5    ###....
k - Bolt of Fire          Conj/Fire      #######...   1%          6    #####..


Dungeon Overview and Level Annotations

Branches:
Dungeon (15/15)            Temple (1/1) D:7            Lair (0/6) D:9
    Orc (0/2) D:12         Vaults (0/5) D:14         Depths (3/5) D:15

Altars:
Ashenzari
Cheibriados
Dithmenos
Elyvilon
Gozag
Kikubaaqudgha
Makhleb
Nemelex Xobeh
Okawaru
Trog
Vehumet
Zin
The Shining One

Shops:
D:6 :   D:10 !   Depths:1 *}==

Portals:
Hell: Depths:1 Depths:2
Pandemonium: Depths:1


Innate Abilities, Weirdness & Mutations

You have a pair of small antennae on your head.
You are completely covered in rugged brown scales. (AC +3, +7% HP)
Your flesh is heat resistant. (rF+)
You regenerate a lot of health from kills.
You are immune to clouds of flame.


Message History

You hear a horrible gurgling sound! x3; You hear a deafening roar!
The frost giant casts a spell at you. The bolt of cold misses you.
The frost giant barely misses you.
A purple very ugly thing comes into view.
The frost giant points at you and mumbles some strange words.
The bolt of cold hits you!
* * * LOW HITPOINT WARNING * * *
The purple ugly thing basks in the mutagenic energy from its kin and changes!
The fire giant casts a spell at you.
The fireball explodes!
The fireball engulfs you! You resist.
* * * LOW HITPOINT WARNING * * *
You hear a horrible gurgling sound! x2
You see here a bolt.
There is a stone staircase leading up here.
Unknown command.
Unknown command.
The fire giant gestures at you while chanting.
The bolt of fire hits you! You resist.
You die...

#..#.......#
#..##.i...## .
#..#T.C..#..#
#...........#
##.##...##.##
#.T#####..#
{##i......##
##..C..####
...###.###.@##
...u.....C()..#
..u.[....i....#
.........#...##
........######
......###
...#.# ..###


You could see a fire giant and a spriggan.

Vanquished Creatures
  the Enchantress (Depths:2)
  2 liches
  Asterion (Depths:2)
  Frances (D:12)
  A sphinx (Depths:2)
  Agnes (D:15)
  A tengu reaver (Depths:2)
  3 fire giants (Depths:2)
  4 frost giants
  The ghost of Rhok the Warrior, a journeyman DrBe of Trog (D:13)
  3 spriggan defenders
  A deep elf elementalist (Depths:2)
  4 stone giants
  12 very ugly things
  Azrael (D:14)
  Snorg (D:10)
  A merfolk impaler (Depths:1)
  An ettin (D:15)
  2 yaktaur captains
  3 ogre magi
  2 great orbs of eyes (Depths:2)
  A vault guard (D:14)
  Erolcha (D:10)
  A catoblepas (Depths:1)
  4 rakshasas
  2 spriggan air magi (Depths:2)
  An ice dragon (Depths:2)
  8 centaur warriors
  14 two-headed ogres
  5 deep troll shamans
  2 hydras (D:15)
  4 tengu warriors
  2 spriggan berserkers (Depths:2)
  2 vampire magi
  2 deep troll earth magi
  A hell knight (Depths:2)
  An iron troll (Depths:2)
  6 skeletal warriors
  A salamander mystic (Depths:1)
  7 deep trolls
  2 unseen horrors
  2 flayed ghosts
  3 wizards
  A wolf spider zombie (D:15)
  An oklob plant (D:10)
  A deep elf mage (D:13)
  34 ugly things
  8 cyclopes
  2 salamanders (Depths:1)
  7 centaur zombies
  2 spiny frogs (shapeshifter)
  2 kobold demonologists
  A rime drake (shapeshifter) (D:15)
  A hellion (Depths:1)
  A freezing wraith (D:14)
  12 yaktaurs
  A guardian mummy (D:13)
  3 trolls
  A komodo dragon (D:15)
  A meliai (shapeshifter) (D:15)
  A harpy zombie (D:13)
  2 hornets
  9 slime creatures
  5 hippogriffs
  Prince Ribbit (D:7)
  A redback (shapeshifter) (D:14)
  3 spriggans (Depths:2)
  A shadow (D:15)
  5 water elementals
  2 wyverns
  7 yaks
  2 wraiths
  A human (D:8)
  4 fire elementals
  4 hogs (D:8)
  A steam dragon (D:13)
  3 vampire mosquitoes (D:15)
  4 hungry ghosts
  3 wargs (D:9)
  3 acid dragons
  4 hell hounds
  Duvessa (D:6)
  Edmund (D:6)
  A black bear (D:7)
  6 sky beasts
  4 ice beasts
  An eye of draining (D:13)
  6 orc warriors
  A hornet zombie (D:12)
  3 necrophages
  4 phantoms
  21 centaurs
  6 ogres
  4 boggarts
  A crocodile (D:11)
  3 big kobolds
  8 bullfrogs
  4 scorpions
  A wyvern skeleton (D:8)
  2 troll zombies (D:12)
  Dowan (D:6)
  15 wights
  8 electric eels (D:12)
  5 howler monkeys
  2 bullfrog zombies
  5 crimson imps
  A quasit (D:5)
  4 hounds
  9 jellies
  3 bullfrog skeletons
  13 orc priests
  2 centaur skeletons
  An iron imp (D:6)
  6 iguanas
  17 orc wizards
  10 worker ants
  4 ogre zombies (D:12)
  2 hound zombies
  A hound skeleton (D:4)
  A worker ant zombie (D:9)
  A howler monkey skeleton (D:7)
  13 adders
  A shadow imp (D:11)
  16 oozes
  2 adder skeletons
  4 worms
  4 dart slugs
  7 leopard geckos
  54 orcs
  3 ball pythons
  8 bats
  7 giant cockroaches
  5 hobgoblins
  5 jackals
  6 quokkas
  5 frilled lizards
  6 goblins
  A goblin skeleton (D:6)
  A goblin zombie (D:12)
  2 hobgoblin skeletons (D:12)
  8 hobgoblin zombies
  22 kobolds
  A leopard gecko zombie (D:5)
  2 orc skeletons (D:12)
  11 orc zombies
  15 rats
  3 butterflies (Depths:1)
  8 plants (D:12)
  A withered plant (D:13)
674 creatures vanquished.

Vanquished Creatures (collateral kills)
  A kobold (D:12)
1 creature vanquished.

Vanquished Creatures (others)
  A centaur zombie (D:14)
  2 centaur skeletons (D:14)
  A fire vortex (D:6)
  4 fungi (D:10)
  55 plants
63 creatures vanquished.

Grand Total: 738 creatures vanquished

Notes
Turn   | Place    | Note
-------+----------+-------------------------------------------
     0 | D:1      | iamserjio the Demonspawn Fire Elementalist began the quest for the Orb.
     0 | D:1      | Reached XP level 1. HP: 13/13 MP: 3/3
   189 | D:1      | Gained mutation: You have a pair of small antennae on your head. [demonic ancestry]
   189 | D:1      | Reached XP level 2. HP: 11/19 MP: 0/5
  1261 | D:1      | Gained mutation: You regenerate a little health from kills. [demonic ancestry]
  1261 | D:1      | Reached XP level 3. HP: 24/24 MP: 6/6
  1648 | D:2      | Learned a level 3 spell: Conjure Flame
  2211 | D:2      | Reached XP level 4. HP: 24/30 MP: 5/8
  2260 | D:1      | Learned a level 4 spell: Sticky Flame
  3858 | D:3      | Gained mutation: You are partially covered in rugged brown scales. (AC +1, +3% HP) [demonic ancestry]
  3858 | D:3      | Reached XP level 5. HP: 30/36 MP: 2/9
  4033 | D:4      | Noticed an ogre
  4114 | D:4      | Found a snail-covered altar of Cheibriados.
  4350 | D:4      | Noticed a hippogriff
  4358 | D:4      | Killed a hippogriff
  4358 | D:4      | Gained mutation: You are mostly covered in rugged brown scales. (AC +2, +5% HP) [demonic ancestry]
  4358 | D:4      | Reached XP level 6. HP: 10/43 MP: 0/11
  4894 | D:4      | Gained mutation: You regenerate health from kills. [demonic ancestry]
  4894 | D:4      | Reached XP level 7. HP: 48/48 MP: 11/13
  4936 | D:4      | Found a shadowy altar of Dithmenos.
  5459 | D:4      | Reached skill level 5 in Fire Magic
  5725 | D:5      | Entered Level 5 of the Dungeon
  5733 | D:5      | Learned a level 5 spell: Fireball
  6491 | D:5      | Reached skill level 5 in Spellcasting
  6491 | D:5      | Reached skill level 5 in Conjurations
  7230 | D:5      | Reached XP level 8. HP: 40/53 MP: 4/15
  7777 | D:6      | Found Vekk's Book Boutique.
  7946 | D:6      | Noticed Duvessa
  7946 | D:6      | Noticed Dowan
  7949 | D:6      | Killed Dowan
  8872 | D:6      | Noticed Edmund
  8897 | D:6      | Killed Edmund
  9011 | D:6      | Killed Duvessa
  9248 | D:6      | Found a glowing golden altar of the Shining One.
  9688 | D:6      | Gained mutation: Your flesh is heat resistant. (rF+) [demonic ancestry]
  9688 | D:6      | Reached XP level 9. HP: 18/58 MP: 5/18
 11052 | D:7      | Noticed Prince Ribbit
 11220 | D:7      | Killed Prince Ribbit
 11599 | D:7      | Got a brightly glowing flail
 11817 | D:7      | Found a staircase to the Ecumenical Temple.
 11837 | Temple   | Entered the Ecumenical Temple
 11846 | Temple   | Became a worshipper of Vehumet
 12191 | D:7      | Identified the +6 flail of Exuamag {flame, rElec Dex+4} (You found it on level 7 of the Dungeon)
 12255 | D:8      | Gained mutation: You are completely covered in rugged brown scales. (AC +3, +7% HP) [demonic ancestry]
 12255 | D:8      | Reached XP level 10. HP: 52/66 MP: 12/21
 12576 | D:8      | Paralysed by fainting for 9 turns
 12885 | D:8      | Found a burning altar of Makhleb.
 12937 | D:8      | Identified Theurgy, Part One
 13940 | D:9      | Reached * piety under Vehumet
 13940 | D:9      | Offered knowledge of Freeze by Vehumet.
 14075 | D:9      | Found a bloodstained altar of Trog.
 14113 | D:9      | Found a staircase to the Lair.
 14438 | D:9      | Found a shattered altar of Ashenzari.
 14439 | D:9      | Found an ancient bone altar of Kikubaaqudgha.
 14547 | D:9      | Found an opulent altar of Gozag.
 14549 | D:9      | Found a burning altar of Makhleb.
 14549 | D:9      | Found a glowing silver altar of Zin.
 14858 | D:10     | Entered Level 10 of the Dungeon
 14864 | D:10     | Noticed a two-headed ogre
 14986 | D:10     | Noticed an unseen horror
 14988 | D:10     | Killed an unseen horror
 15022 | D:10     | Found Utor's Distillery.
 15156 | D:10     | Bought a potion of degeneration for 15 gold pieces
 15156 | D:10     | Bought a potion of heal wounds for 75 gold pieces
 15156 | D:10     | Bought a potion of curing for 45 gold pieces
 15156 | D:10     | Bought a potion of brilliance for 60 gold pieces
 15229 | D:10     | Offered knowledge of Searing Ray by Vehumet.
 15231 | D:10     | Killed a two-headed ogre
 15231 | D:10     | Reached skill level 10 in Conjurations
 15231 | D:10     | Reached XP level 11. HP: 57/71 MP: 14/24
 15237 | D:10     | Learned a level 2 spell: Searing Ray
 15240 | D:10     | Reached ** piety under Vehumet
 15242 | D:10     | Paralysed by a hornet for 3 turns
 15625 | D:10     | Got a pair of heavily runed gloves
 15696 | D:10     | Noticed Erolcha
 15699 | D:10     | Killed Erolcha
 15710 | D:10     | Noticed Snorg
 16478 | D:10     | Offered knowledge of Stone Arrow by Vehumet.
 16534 | D:10     | Reached skill level 10 in Fire Magic
 16653 | D:10     | Killed Snorg
 16758 | D:10     | Reached skill level 10 in Spellcasting
 16991 | D:10     | Noticed an oklob plant
 16994 | D:10     | Killed an oklob plant
 17119 | D:10     | Identified the +2 pair of gloves "Surecrurr" {rPois rC- Str-3 Slay+4} (You found it on level 10 of the Dungeon)
 17130 | D:10     | Identified a scroll of acquirement
 17230 | D:11     | Reached *** piety under Vehumet
 17487 | D:11     | Noticed a cyan ugly thing
 17544 | D:11     | Learned a level 3 spell: Dazzling Spray
 17549 | D:11     | Learned a level 4 spell: Force Lance
 17551 | D:11     | Learned a level 1 spell: Summon Butterflies
 17705 | D:11     | Offered knowledge of Airstrike by Vehumet.
 17935 | D:11     | Killed a cyan ugly thing
 18818 | D:12     | Found a staircase to the Orcish Mines.
 18868 | D:12     | Reached **** piety under Vehumet
 18868 | D:12     | Reached skill level 1 in Fighting
 19139 | D:12     | Noticed a white ugly thing
 19158 | D:12     | Killed a white ugly thing
 19238 | D:12     | Offered knowledge of Ignite Poison by Vehumet.
 19377 | D:12     | Reached XP level 12. HP: 78/82 MP: 20/26
 19413 | D:12     | Noticed Frances
 19951 | D:12     | Killed Frances
 20095 | D:12     | Reached ***** piety under Vehumet
 20116 | D:12     | Offered knowledge of Bolt of Magma by Vehumet.
 20123 | D:12     | Learned a level 5 spell: Bolt of Magma
 20723 | D:13     | Noticed a centaur warrior
 20728 | D:13     | Killed a centaur warrior
 20728 | D:13     | Reached skill level 5 in Fighting
 20818 | D:13     | Noticed Rhok's ghost (journeyman DrBe)
 20823 | D:13     | Noticed a centaur warrior
 20824 | D:13     | Killed Rhok's ghost
 20963 | D:13     | Killed a centaur warrior
 22007 | D:13     | Gained mutation: You are immune to clouds of flame. [demonic ancestry]
 22007 | D:13     | Reached XP level 13. HP: 84/99 MP: 13/28
 23847 | D:13     | Offered knowledge of Venom Bolt by Vehumet.
 23856 | D:13     | Learned a level 5 spell: Venom Bolt
 24440 | D:13     | Upgraded the game from 0.22-a0-377-g846bec1 to 0.22-a0-379-ga9d99d6
 24713 | D:14     | Noticed Azrael
 25441 | D:14     | Got a slimy iron ring
 26647 | D:14     | Learned a level 3 spell: Confuse
 27116 | D:15     | Entered Level 15 of the Dungeon
 27590 | D:15     | Identified the ring "Hanenerchott" {rCorr SInv} (You took it off a centaur warrior on level 14 of the Dungeon)
 27597 | D:15     | Found a staircase to the Depths.
 27679 | D:15     | Reached XP level 14. HP: 103/113 MP: 13/30
 27877 | D:15     | Noticed Agnes
 27887 | D:15     | Killed Agnes
 28530 | D:15     | Offered knowledge of Bolt of Fire by Vehumet.
 29012 | D:15     | Learned a level 6 spell: Bolt of Fire
 29612 | D:15     | Reached skill level 5 in Dodging
 30072 | D:14     | Killed Azrael
 30524 | D:14     | Found a gate to the Vaults.
 30756 | Depths:1 | Entered Level 1 of the Depths
 30758 | Depths:1 | Noticed a brown very ugly thing
 30765 | Depths:1 | Noticed a frost giant
 30941 | Depths:1 | Noticed a brown very ugly thing
 30955 | D:15     | Killed a brown very ugly thing
 31618 | D:15     | Killed a frost giant
 31632 | D:15     | Killed a green very ugly thing
 32128 | Depths:1 | Found Volemagguixt's Pet Rocks.
 32129 | Depths:1 | Noticed a stone giant
 32129 | Depths:1 | Noticed an iron dragon
 32155 | Depths:1 | Killed a stone giant
 32285 | Depths:1 | Noticed a lich
 32730 | Depths:1 | Killed a lich
 33183 | Depths:1 | Gained mutation: You regenerate a lot of health from kills. [demonic ancestry]
 33183 | Depths:1 | Reached XP level 15. HP: 123/123 MP: 16/32
 33478 | Depths:1 | Found a one-way gate leading to the halls of Pandemonium.
 34583 | Depths:1 | Found Itattuk's Gadget Shoppe.
 34583 | Depths:1 | Found Sitint's Jewellery Shop.
 34584 | Depths:1 | Found Hubaniess's Jewellery Shop.
 34593 | Depths:1 | Bought an uncursed ring of magical power for 420 gold pieces
 35451 | Depths:1 | Found a gateway to Hell.
 35598 | Depths:2 | Noticed the Enchantress
 35775 | Depths:2 | Noticed a frost giant
 35782 | Depths:2 | Reached skill level 1 in Shields
 35786 | Depths:2 | Killed a frost giant
 36156 | Depths:2 | Noticed a fire giant
 36708 | Depths:2 | Noticed a lich
 36717 | Depths:2 | Killed a lich
 36799 | Depths:2 | Noticed a fire giant
 36804 | Depths:2 | Killed a fire giant
 36958 | Depths:2 | Noticed a tengu reaver
 36959 | Depths:2 | Killed the Enchantress
 36962 | Depths:2 | Noticed a juggernaut
 36970 | Depths:2 | Noticed a sphinx
 37186 | Depths:2 | Offered knowledge of Lee's Rapid Deconstruction by Vehumet.
 37286 | Depths:2 | Reached skill level 10 in Fighting
 37494 | Depths:2 | Reached XP level 16. HP: 118/130 MP: 22/34
 37550 | Depths:2 | Noticed Asterion
 37554 | Depths:2 | Noticed an Executioner
 37557 | Depths:2 | Killed Asterion
 38536 | Depths:2 | Got a crude flail {flame}
 39287 | Depths:2 | Offered knowledge of Poison Arrow by Vehumet.
 39786 | Depths:2 | Killed a sphinx
 40468 | Depths:2 | Noticed a juggernaut
 40601 | Depths:2 | Noticed a golden dragon
 40866 | Depths:2 | Identified the +6 flail of Xiufruot {flame, rElec Str+5} (You took it off a tengu reaver on level 2 of the Depths)
 40880 | Depths:2 | Learned a level 6 spell: Poison Arrow
 40924 | Depths:2 | Noticed a tengu reaver
 41879 | Depths:2 | HP: 6/132 [poisoned by something (poison gas)]
 41884 | Depths:2 | HP: 6/198 [poisoned by something (poison gas)]
 41889 | Depths:2 | HP: 5/198 [poisoned by something (poison gas)]
 41895 | Depths:2 | HP: 4/198 [poisoned by something (poison gas)]
 41901 | Depths:2 | HP: 5/198 [poisoned by something (poison gas)]
 41909 | Depths:2 | HP: 3/132 [poisoned by something (poison gas)]
 42526 | Depths:3 | HP: 2/132 [fire giant/fireball (10)]
 42529 | Depths:3 | Killed from afar by a fire giant

Vault maps used:
D:1:      dpeg_arrival_rhombi, grunt_decor_mini_mirrors
D:2:      minmay_tree_intersection
D:3:      guppyfry_early_lair_pool
D:4:      nicolae_dithmenos_through_a_glass_darkly, first_ration,
          kennysheep_slug_shrine
D:6:      serial_park, serial_park_square3, serial_park_avenue1, serial_shops,
          nicolae_shop_trees, nicolae_tso_besieged_by_evil, uniq_edmund,
          uniq_duvessa
D:7:      lemuel_ice_spiral_2, minmay_temple_entry_enclosed_plants,
          uniq_prince_ribbit1
D:8:      grunt_livestock, bloody_makhleb
D:9:      grunt_temple_overflow_open, erik_lair_orcish_takeover,
          kennysheep_small_spiral, trog_wizard
D:10:     lemuel_slime, serial_shops, shop, uniq_snorg, uniq_erolcha
D:12:     zombieorc1_lemuel, serial_bayou, serial_bayou_pond_d,
          serial_bayou_ford_a, serial_bayou_lagoon_a, serial_bayou_pond_b,
          uniq_frances
D:13:     serial_undead, serial_undead_c, serial_undead_d, serial_undead_c,
          serial_undead_d, serial_undead_a
D:14:     david_vaults_5, serial_bayou_pond_c, hangedman_abyss_or_decor_stabs,
          uniq_azrael, uniq_agnes
D:15:     grunt_enter_depths_snipers, minivault_26
Temple:   eino_temple_scatter_basement
Depths:1: pan_entry, hellmouth_1, hangedman_glass_garden, guppyfry_shop_earth,
          minmay_shop_grove, serial_bayou_shore_a
Depths:2: angbandy_vault, pf_vacation_house_of_asmodeus,
          minmay_misc_feat_nine_boxes, uniq_enchantress, uniq_asterion
Depths:3: minmay_spriggan_fort, rand_demon_pan_entry_9,
          pf_hell_entry_tar_spiral, grunt_megastairs_2

Skill      XL: |  1  2  3  4  5  6  7  8  9 10 11 12 13 14 15 16 |
---------------+-------------------------------------------------+-----
Fire Magic     | 3 4 5 6 8 9 10 11 12 13 14 | 14.8
Conjurations   | 2 3 4 5 6 8 10 11 12 13 14 | 14.4
Spellcasting   | 3 4 5 6 7 9 10 11 12 13 14 | 14.6
Fighting       | 1 6 8 9 10 | 10.9
Dodging        | 4 6 7 8 |  8.6
Shields        | 4 |  4.0
Stealth        | |  1.7

Action                   |  1- 3 |  4- 6 |  7- 9 | 10-12 | 13-15 | 16-18 || total
-------------------------+-------+-------+-------+-------+-------+-------++-------
Melee: Club              |    79 |    39 |       |       |       |       ||   118
       Unarmed           |     1 |       |       |       |       |       ||     1
       Dagger            |       |       |   144 |       |       |       ||   144
       Flail             |       |       |     1 |   183 |    95 |    20 ||   299
 Cast: Flame Tongue      |    59 |    87 |   248 |   298 |    40 |     8 ||   740
       Conjure Flame     |       |     5 |    10 |    28 |    24 |    11 ||    78
       Sticky Flame      |       |     3 |    48 |    92 |   100 |    35 ||   278
       Fireball          |       |       |       |    79 |   198 |    74 ||   351
       Searing Ray       |       |       |       |     3 |    36 |     1 ||    40
       Bolt of Magma     |       |       |       |     3 |     7 |     1 ||    11
       Dazzling Spray    |       |       |       |       |    69 |     2 ||    71
       Force Lance       |       |       |       |       |    34 |     4 ||    38
       Venom Bolt        |       |       |       |       |    18 |    18 ||    36
       Confuse           |       |       |       |       |     1 |       ||     1
       Bolt of Fire      |       |       |       |       |    30 |     6 ||    36
       Summon Butterflie |       |       |       |       |     2 |    41 ||    43
       Poison Arrow      |       |       |       |       |       |     8 ||     8
Evoke: Wand              |       |       |     1 |     4 |    13 |       ||    18
       Phantom mirror    |       |       |       |     2 |       |       ||     2
  Use: Scroll            |       |     4 |     7 |    10 |    19 |     4 ||    44
       Potion            |       |     1 |       |       |    11 |     6 ||    18
 Stab: Sleeping          |     6 |     4 |     2 |     3 |       |       ||    15
  Eat: Chunk             |     5 |     5 |    24 |    36 |    25 |    13 ||   108
       Ration            |       |     1 |     2 |     7 |    16 |     4 ||    30
Armor: Robe              |    46 |    41 |    90 |   138 |    89 |    38 ||   442
       Leather armour    |       |       |       |       |    35 |       ||    35
Dodge: Dodged            |    86 |    71 |   154 |   184 |   243 |    99 ||   837
Block: Buckler           |       |       |       |       |     7 |    25 ||    32
       Reflection        |       |       |       |       |       |     1 ||     1

Table legend:
 A = Spawn XP
 B = Non-spawn XP
 C = Spawn XP percentage of total XP
 D = Spawn monster count
 E = Non-spawn monster count
 F = Spawn count percentage of total count
 G = Total turns spent on level
                    A         B        C        D         E        F      G
               +---------+---------+-------+---------+---------+-------+---------
         Total |       0 |  203413 |   0.0 |       0 |     663 |   0.0 | 42529
               +---------+---------+-------+---------+---------+-------+---------
           D:1 |       0 |      41 |   0.0 |       0 |      25 |   0.0 |  1562
           D:2 |       0 |      84 |   0.0 |       0 |      29 |   0.0 |  1358
           D:3 |       0 |     116 |   0.0 |       0 |      18 |   0.0 |  1050
           D:4 |       0 |     814 |   0.0 |       0 |      32 |   0.0 |  1755
           D:5 |       0 |     579 |   0.0 |       0 |      25 |   0.0 |  2456
           D:6 |       0 |    1515 |   0.0 |       0 |      30 |   0.0 |  2274
           D:7 |       0 |    2318 |   0.0 |       0 |      34 |   0.0 |  1626
           D:8 |       0 |    1845 |   0.0 |       0 |      17 |   0.0 |  1208
           D:9 |       0 |    2173 |   0.0 |       0 |      23 |   0.0 |  1719
          D:10 |       0 |    7341 |   0.0 |       0 |      55 |   0.0 |  2242
          D:11 |       0 |    3394 |   0.0 |       0 |      35 |   0.0 |  1389
          D:12 |       0 |   11667 |   0.0 |       0 |      84 |   0.0 |  3078
          D:13 |       0 |   16272 |   0.0 |       0 |      43 |   0.0 |  4551
          D:14 |       0 |   10407 |   0.0 |       0 |      28 |   0.0 |  1888
          D:15 |       0 |   30603 |   0.0 |       0 |      53 |   0.0 |  5236
      Depths:1 |       0 |   33180 |   0.0 |       0 |      54 |   0.0 |  4359
      Depths:2 |       0 |   78309 |   0.0 |       0 |      74 |   0.0 |  4610
      Depths:3 |       0 |    2755 |   0.0 |       0 |       4 |   0.0 |    56
               +---------+---------+-------+---------+---------+-------+---------
